AoeStats
← Ken

Arena

506832062Analyzed
1v1 RM · 17d ago on Sep 15, 2026· 43m 12s· 2 players
Game mode
Random Map
Map size
Tiny (2 player)
Population
200
Speed
Normal
Resources
Standard
Victory
Conquest
Starting age
Dark Age
Ending age
Imperial Age
RankedLock teamsTeams togetherTeam positionsShared explorationLock speedFull tech treeHidden civsTurbo modeCheats
Victory
Defeat
🇨🇳 Persians · China
1008
+16
🇹🇷 Magyars · Türkiye
1017
-16
Ken
10:54 Feudal Age
14:58 Castle Age
13:26 Double-Bit Axe
13:39 Horse Collar
16:16 Bow Saw
16:42 Heavy Plow
18:25 Loom
22:14 Elite Skirmisher
23:57 Wheelbarrow
28:31 Hand Cart
29:14 Gold Mining
30:11 Scale Mail Armor
30:21 Forging
30:16 Scale Barding Armor
33:53 Imperial Age
32:21 Scale Barding Armor
32:27 Forging
32:19 Padded Archer Armor
32:10 Fletching
32:20 Scale Mail Armor
32:53 Stone Mining
33:40 Gold Shaft Mining
34:39 Crop Rotation
34:13 Husbandry
34:24 Bloodlines
34:40 Conscription
35:11 Kamandaran
35:20 Heavy Camel Rider
37:04 Chain Barding Armor
38:14 Iron Casting
37:55 Chain Mail Armor
37:36 Bodkin Arrow
37:56 Leather Archer Armor
38:45 Plate Barding Armor
40:03 Blast Furnace
38:52 Elite War Elephant
40:53 Ballistics
40:29 Murder Holes
42:14 Stone Shaft Mining
43:55 Chemistry
43:26 Plate Mail Armor
ALPAGU
7:58 Loom
9:53 Feudal Age
17:11 Castle Age
16:49 Horse Collar
16:57 Double-Bit Axe
23:07 Fervor
25:22 Heavy Plow
26:21 Pikeman
35:20 Imperial Age
32:52 Crossbowman
35:44 Devotion
36:27 Corvinian Army
36:50 Conscription
37:13 Bloodlines
37:04 Husbandry
37:46 Wheelbarrow
37:44 Crop Rotation
36:51 Arbalester
37:32 Gold Mining
38:46 Halberdier
39:44 Scale Barding Armor
39:30 Fletching
41:42 Chemistry
41:51 Bodkin Arrow
Connection lost

Rejoining the realm…

Still unreachable

The connection could not be restored.

Session expired

The server has moved on; the page needs a fresh start.